Map: Emerald City LE

Players

PiPuxD

  • Race: Protoss Protoss
  • League: Gold
  • Spawn Location: 5:00

MattBarry

  • Race: Zerg Zerg
  • League: Gold
  • Spawn Location: 5:00

llllllllllll - Winner!

  • Race: Terran Terran
  • League: Diamond
  • Spawn Location: 11:00

IIIIIIIIII - Winner!

  • Race: Terran Terran
  • Spawn Location: 11:00

VOD

Have the link to the VOD?

Description

Time

  • Played on: Feb. 12, 2023, 3:12 a.m.
  • Length: 16:23
Show
View Real Time Build Order
Export as new Build Order

PiPuxD Protoss 

Build Orders: 1 Gate Expand, Double Forge 

Get SALT Encoding   

  12  0:00  Probe  
  13  0:12  Probe  
  14  0:17  Pylon  
  14  0:24  Probe  
  15  0:36  Probe (Chrono Boost)  
  15  0:39  Gateway  
  16  0:49  Probe (Chrono Boost)  
  17  0:52  Assimilator  
  17  0:55  Probe (Chrono Boost)  
  18  1:08  Probe  
  19  1:20  Probe  
  20  1:25  Nexus  
  20  1:32  Probe  
  21  1:36  Pylon  
  21  1:44  Probe  
  22  1:50  Cybernetics Core  
  22  1:56  Assimilator  
  22  1:58  Probe  
  23  2:11  Probe  
  23  2:12  Gateway  
  24  2:23  Probe  
  24  2:27  Warp Gate  
  24  2:28  Adept  
  27  2:34  Pylon  
  27  2:35  Probe  
  28  2:41  Probe  
  29  2:47  Probe  
  30  2:53  Probe  
  30  2:55  Gateway  
  31  2:59  Adept (Chrono Boost), Probe  
  31  3:05  Probe  
  35  3:13  Robotics Facility, Probe  
  35  3:19  Probe  
  37  3:24  Stalker  
  37  3:25  Stalker  
  41  3:30  Probe  
  41  3:34  Probe  
  43  3:41  Pylon  
  43  3:42  Probe  
  43  3:46  Probe  
  45  3:56  Probe  
  46  4:15  Probe x2  
  46  4:17  Stalker x3  
  48  4:18  Observer  
  48  4:21  Assimilator  
  51  4:25  Assimilator  
  51  4:33  Probe  
  51  4:34  Probe  
  53  4:38  Robotics Bay  
  53  4:39  Nexus  
  53  4:40  Pylon  
  53  4:41  Forge  
  53  4:42  Forge  
  53  4:45  Sentry  
  55  4:46  Stalker  
  55  4:47  Probe  
  55  4:48  Probe  
  59  4:59  Probe  
  60  5:00  Probe  
  58  5:09  Protoss Ground Weapons Level 1 (Chrono Boost), Protoss Ground Armor Level 1 (Chrono Boost)  
  58  5:11  Stalker x3, Probe  
  58  5:12  Probe  
  66  5:22  Pylon  
  62  5:40  Probe x2  
  64  5:51  Nexus  
  64  5:53  Twilight Council, Stalker x3, Pylon  
  64  5:54  Pylon  
  64  5:56  Pylon  
  70  5:59  Pylon  
  70  6:11  Disruptor, Probe x2  
  75  6:20  Shield Battery  
  75  6:22  Shield Battery  
  75  6:24  Probe x2  
  75  6:25  Photon Cannon  
  77  6:26  Stalker x3  
  77  6:27  Photon Cannon  
  83  6:36  Probe x2  
  79  6:48  Probe x2  
  79  6:49  Stalker  
  79  6:50  Stalker x2  
  79  6:53  Blink  
  87  6:54  Protoss Ground Weapons Level 2 (Chrono Boost)  
  87  6:55  Protoss Ground Armor Level 2 (Chrono Boost)  
  87  7:02  Probe x2  
  87  7:07  Probe  
  90  7:14  Stalker x3, Probe x2  
  98  7:18  Assimilator  
  98  7:19  Probe  
  98  7:22  Assimilator  
  99  7:29  Disruptor  
  91  7:37  Stalker  
  91  7:38  Stalker  
  91  7:39  Stalker  
  97  8:06  Stalker x3  
  74  8:32  Zealot x3  
  69  8:45  Probe x3  
  72  8:48  Pylon  
  72  8:52  Pylon x2  
  72  8:53  Disruptor  
  75  8:57  Probe x2  
  75  8:59  Gateway  
  75  9:01  Charge (Chrono Boost), Gateway  
  75  9:02  Zealot x3  
  83  9:03  Gateway  
  83  9:05  Pylon  
  83  9:28  Disruptor  
  83  9:29  Zealot x3  
  92  9:33  Nexus  
  92  9:35  Pylon  
  92  9:36  Pylon  
  92  9:48  Protoss Ground Weapons Level 3  
  92  9:49  Protoss Ground Armor Level 3  
  92  9:54  Stalker x3  
  96  10:23  Zealot x4  
  96  10:24  Stalker x2  
  104  10:42  Probe x3  
  107  10:43  Observer  
  107  10:45  Zealot x3  
  107  10:46  Zealot  
  115  10:50  Disruptor  
  115  10:54  Probe  
  111  11:09  Zealot x2  
  111  11:10  Zealot x4  
  97  11:52  Stalker x6  
  108  12:18  Zealot x4  
  108  12:19  Zealot x2  
  120  12:24  Pylon  
  120  12:26  Pylon  
  120  12:41  Zealot x2  
  120  12:42  Zealot x4  
  110  13:03  Zealot x3  
  110  13:04  Zealot x3  
  88  13:24  Zealot  
  88  13:25  Zealot x5  
  64  13:46  Zealot x6  
  64  13:47  Protoss Shields Level 1  
  55  13:58  Disruptor (Chrono Boost)  
  54  14:08  Stalker x5  
  62  14:10  Stalker  
  52  14:36  Zealot x4  
  52  14:37  Zealot x2  
  54  14:57  Zealot x2  
  54  14:58  Zealot x4  
  55  15:18  Zealot  
  55  15:19  Zealot x5  
  59  15:40  Zealot  
  59  15:41  Zealot x4  
  69  15:45  Nexus  
  69  15:46  Zealot  
  69  15:47  Pylon  
  71  15:50  Pylon  
  71  15:56  Pylon  
  71  15:58  Pylon  
Show
View Real Time Build Order
Export as new Build Order

MattBarry Zerg 

Build Orders: Hatch First 

Get SALT Encoding   

  12  0:00  Drone  
  13  0:12  Overlord  
  13  0:22  Drone  
  14  0:35  Drone x3  
  17  1:00  Hatchery  
  16  1:04  Extractor  
  16  1:06  Drone  
  16  1:11  Spawning Pool  
  16  1:13  Drone  
  16  1:18  Drone  
  16  1:21  Drone  
  18  1:33  Drone  
  19  1:41  Drone  
  20  2:00  Queen  
  22  2:10  Extractor  
  22  2:11  Zergling x2, Metabolic Boost  
  23  2:16  Overlord x2  
  23  2:27  Overlord  
  23  2:28  Overlord  
  23  2:34  Drone  
  23  2:35  Drone  
  23  2:36  Queen  
  27  2:42  Queen  
  29  2:52  Drone  
  29  2:53  Drone x2  
  32  3:02  Zergling x4  
  34  3:15  Drone x2  
  36  3:40  Spine Crawler  
  35  3:43  Drone x4  
  35  3:47  Zergling x2  
  35  3:48  Zergling x2  
  41  3:52  Roach Warren  
  41  3:53  Extractor  
  38  4:47  Evolution Chamber  
  38  4:50  Evolution Chamber  
  36  4:55  Hatchery  
  36  4:56  Lair  
  36  4:58  Pneumatized Carapace  
  35  5:05  Hatchery  
  34  5:10  Zergling x24  
  46  5:18  Zerg Melee Weapons Level 1  
  45  5:31  Zergling x12  
  51  5:42  Drone  
  52  5:43  Overlord  
  52  6:00  Zerg Ground Armor Level 1  
  52  6:07  Queen x2  
  56  6:17  Spore Crawler  
  55  6:18  Drone  
  55  6:19  Spore Crawler  
  55  6:21  Drone  
  55  6:23  Drone  
  57  6:27  Drone  
  54  6:51  Drone x6  
  54  6:53  Baneling Nest  
  59  7:01  Queen  
  59  7:04  Drone x2  
  59  7:06  Drone  
  64  7:23  Overlord  
  64  7:30  Roach x3  
  64  7:33  Overlord x3  
  70  7:39  Baneling x2  
  70  7:40  Baneling x3  
  70  7:41  Baneling x2  
  70  7:43  Baneling  
  70  7:53  Ravager x2  
  70  7:54  Ravager  
  64  8:12  Zergling x28  
  67  8:13  Zergling x2  
  60  8:49  Spire  
  60  8:50  Drone x7  
  60  8:51  Drone x9  
  60  8:52  Infestation Pit  
  59  9:51  Zergling x28  
  73  10:01  Pathogen Glands  
  73  10:03  Mutalisk  
  73  10:04  Mutalisk x5  
  79  10:33  Mutalisk  
  79  10:34  Mutalisk  
  79  10:38  Extractor  
  79  10:39  Extractor  
  79  10:40  Drone, Extractor  
  79  10:41  Drone x14  
  91  10:43  Extractor  
  80  11:02  Zergling x22  
  60  11:46  Hatchery  
  59  12:10  Hatchery  
  59  12:15  Hatchery  
  57  12:16  Roach  
  59  12:24  Overlord x2  
  59  12:25  Overlord x2  
  35  13:15  Roach x10, Spawning Pool  
  35  13:16  Roach x6  
  19  15:10  Ravager  
  19  15:11  Ravager  
  21  16:05  Hatchery  
  21  16:06  Hatchery  
Show
View Real Time Build Order
Export as new Build Order

llllllllllll Terran - Winner!

Build Orders: Liberator Opening 

Get SALT Encoding   

  12  0:01  SCV  
  13  0:13  SCV  
  14  0:17  Supply Depot  
  14  0:25  SCV  
  15  0:39  SCV  
  15  0:40  Barracks  
  16  0:46  Refinery  
  16  0:51  SCV  
  17  1:03  SCV  
  18  1:15  SCV  
  19  1:27  Marine  
  19  1:31  Orbital Command  
  20  1:36  Supply Depot  
  20  1:40  Refinery  
  20  1:45  Marine  
  21  1:49  Factory  
  21  2:00  SCV  
  22  2:08  Barracks  
  22  2:11  Barracks Tech Lab  
  22  2:12  SCV  
  22  2:14  Barracks  
  23  2:28  Supply Depot, SCV  
  24  2:34  Concussive Shells  
  24  2:36  Marauder  
  26  2:41  Factory Reactor  
  26  2:47  Starport  
  26  2:50  SCV  
  27  3:00  Marauder  
  27  3:02  Marine, SCV  
  31  3:10  Supply Depot  
  31  3:28  Liberator, Factory Tech Lab  
  31  3:30  Marine x2  
  31  3:31  Marauder  
  36  4:10  Marine x2, Marauder  
  39  4:21  Medivac  
  39  4:22  Siege Tank  
  44  4:33  Supply Depot x2, Barracks x2, Marine x2  
  44  4:36  Stimpack  
  46  4:54  Marine x2  
  46  4:55  Marauder  
  50  5:12  Marine  
  40  5:37  Barracks Reactor x2  
  40  5:44  Siege Tank  
  43  5:50  Supply Depot, Barracks Tech Lab  
  43  5:52  Medivac  
  43  5:53  Marine  
  46  6:12  Command Center  
  46  6:15  Medivac  
  46  6:16  Combat Shield  
  49  6:24  Marine x6  
  39  6:47  Marine x2  
  39  6:48  Marine x2, Marauder  
  39  6:49  Marauder  
  47  7:06  Marine x2  
  47  7:07  Marine x2  
  51  7:10  Marauder  
  53  7:24  Marine  
  53  7:25  Marine x3  
  53  7:26  Marauder  
  59  7:47  Orbital Command  
  59  7:48  Marine  
  59  7:49  Marine x3  
  63  8:04  Marine  
  63  8:05  Marine  
  64  8:06  Marine  
  64  8:25  Marine x3  
  64  8:26  Marine  
  64  8:27  Marauder x2  
  70  8:45  Orbital Command  
  70  8:56  Marine x4  
  70  8:57  Marauder x2  
  81  9:02  Siege Tank  
  81  9:29  Marine x4  
  77  10:27  Marine x3  
  77  10:28  Marine, Marauder  
  79  10:29  Marauder  
  75  10:38  Siege Tank  
  75  10:39  Liberator x2  
  84  10:45  Marine x2  
  86  10:58  Supply Depot  
  86  11:00  Supply Depot  
  86  11:01  Supply Depot x2  
  86  11:03  Supply Depot  
  86  11:04  Supply Depot  
  86  11:20  Marine x4, Siege Tank  
  86  11:22  Marauder x2, Medivac x2  
  101  11:26  Engineering Bay  
  101  11:36  Engineering Bay  
  101  11:38  Marine x2  
  103  12:17  Medivac x2  
  103  12:21  Terran Infantry Armor Level 1, Terran Infantry Weapons Level 1  
  107  12:23  Refinery  
  49  12:59  Siege Tank  
  49  13:00  Liberator x2  
  49  13:01  Marine x2  
  49  13:02  Marine x2, Marauder  
  49  13:03  Marauder  
  65  13:12  Armory  
  65  13:26  Marine x4  
  69  13:27  Marauder  
  69  13:29  SCV  
  69  13:33  SCV  
  73  13:49  Marine x2  
  73  13:50  Marine x2  
  77  13:56  SCV x2  
  79  14:05  Marine x2  
  79  14:07  Marine x3  
  84  14:10  Marine  
  85  14:28  Liberator  
  85  14:29  Liberator  
  91  14:40  Marine x4  
  91  14:41  Marauder x2  
  79  15:36  Marine x4  
  79  15:37  Marauder x2  
  87  15:46  Medivac x2  
  91  15:56  Refinery  
Show
View Real Time Build Order
Export as new Build Order

IIIIIIIIII Terran - Winner!

Build Orders:  

Get SALT Encoding   

  12  0:02  SCV  
  13  0:15  SCV  
  14  0:23  Supply Depot  
  14  0:27  SCV  
  15  0:44  SCV  
  15  0:46  Barracks  
  16  0:50  Refinery  
  16  0:56  SCV  
  17  1:08  SCV  
  18  1:21  SCV  
  19  1:33  SCV  
  20  1:40  Barracks Reactor  
  20  1:42  Command Center  
  20  1:48  Orbital Command  
  20  2:03  Supply Depot  
  20  2:13  Barracks  
  20  2:17  Marine x2  
  20  2:21  SCV  
  23  2:30  Factory  
  23  2:35  Refinery  
  23  2:42  Marine x2  
  25  2:44  SCV  
  26  2:55  SCV  
  27  3:00  SCV  
  27  3:02  Barracks Tech Lab  
  28  3:10  Supply Depot  
  28  3:11  Orbital Command  
  28  3:18  SCV  
  29  3:20  Factory Tech Lab  
  29  3:22  Marine x2  
  29  3:26  Marine  
  32  3:30  SCV  
  33  3:34  Combat Shield  
  33  3:41  SCV  
  33  3:45  Siege Tank  
  37  3:50  SCV  
  38  3:56  SCV  
  38  3:58  Engineering Bay  
  38  4:02  Marine x3, SCV  
  42  4:08  SCV  
  44  4:15  SCV  
  45  4:20  SCV  
  45  4:23  Siege Tank  
  49  4:27  Supply Depot, SCV  
  49  4:29  Missile Turret  
  50  4:38  Starport  
  50  4:39  SCV  
  50  4:40  Barracks  
  50  4:41  SCV  
  50  4:43  Refinery  
  50  4:44  Marine x2  
  54  4:48  Marine  
  55  4:55  Supply Depot  
  55  4:58  SCV  
  55  4:59  SCV  
  57  5:02  Marine x2  
  57  5:05  Terran Infantry Weapons Level 1  
  57  5:06  Marine  
  60  5:07  Stimpack  
  60  5:11  SCV  
  61  5:16  Starport Reactor  
  61  5:17  Barracks  
  61  5:20  Marine  
  62  5:22  Barracks  
  62  5:25  SCV  
  63  5:31  Barracks Reactor  
  63  5:32  SCV  
  63  5:34  Marine x2  
  66  5:38  Marine  
  66  5:39  SCV  
  66  5:41  Supply Depot  
  68  5:44  SCV  
  69  5:52  Marine  
  70  5:59  Supply Depot  
  70  6:02  Supply Depot, Marine x2  
  70  6:03  Siege Tank  
  75  6:06  Supply Depot, Marine x2  
  75  6:07  Marine  
  78  6:11  Supply Depot  
  78  6:21  Marine x3, Medivac x2  
  78  6:23  SCV  
  78  6:24  Marine x4  
  90  6:32  Missile Turret  
  90  6:38  Marine x3  
  90  6:39  Siege Tank  
  96  6:42  Marine x2  
  96  6:47  Marine x2  
  100  6:55  Medivac x2  
  100  6:56  Marine x3  
  100  6:57  SCV  
  100  6:59  SCV  
  100  7:00  Marine  
  110  7:04  Supply Depot  
  110  7:23  Supply Depot  
  110  7:25  Marine x5  
  110  7:26  SCV, Medivac  
  118  7:40  Terran Infantry Armor Level 1  
  118  7:44  Marine x6, SCV x2  
  118  7:45  Supply Depot  
  118  7:48  Supply Depot  
  126  7:58  Marine  
  126  8:02  Marine x5  
  90  8:23  Marine x4  
  90  8:24  Marine x3  
  83  8:38  SCV  
  83  8:39  SCV  
  83  8:41  Marine x6  
  81  8:42  Marine  
  81  8:45  Medivac x2  
  92  8:49  Armory, Command Center  
  92  8:50  SCV  
  92  8:51  SCV  
  94  8:59  Marine x4  
  94  9:00  Marauder  
  101  9:04  Barracks Tech Lab  
  101  9:05  Barracks Tech Lab  
  101  9:07  SCV  
  101  9:10  SCV  
  101  9:12  Concussive Shells  
  101  9:15  Medivac x2  
  101  9:16  Siege Tank  
  109  9:19  SCV  
  109  9:21  Marauder  
  112  9:28  SCV  
  113  9:43  Marine x6, Marauder  
  120  9:54  Supply Depot  
  120  9:56  Terran Infantry Weapons Level 2  
  120  9:58  SCV  
  121  10:01  Marine x6  
  121  10:04  Marine, Orbital Command  
  121  10:05  SCV  
  129  10:14  SCV  
  129  10:18  Supply Depot, Marine x2  
  129  10:19  Marine x4  
  136  10:21  Marine  
  136  10:24  Siege Tank  
  140  10:36  Marine x3  
  140  10:37  Marine, Marauder x2  
  142  11:09  Marine x5, Marauder x2  
  145  11:27  Marine x4  
  123  11:48  SCV x2, Marauder x3  
  123  11:49  Liberator x2  
  123  11:51  SCV  
  133  12:00  Barracks, SCV  
  133  12:01  SCV  
  135  12:04  Barracks x2, SCV  
  135  12:05  Sensor Tower  
  135  12:07  Engineering Bay  
  136  12:09  Command Center  
  136  12:11  Terran Infantry Armor Level 2  
  136  12:12  Marauder x3  
  136  12:13  SCV x2  
  144  12:16  SCV  
  144  12:17  Refinery  
  144  12:21  Refinery  
  145  12:28  Marine x4  
  149  12:32  Liberator  
  149  12:33  Marauder x3, Terran Infantry Weapons Level 3  
  149  12:35  Supply Depot  
  158  12:46  Marine  
  159  12:55  Marauder x2  
  128  13:45  Marine x8  
  128  13:46  Marine x2  
  130  14:02  Marine x2  
  125  14:03  Marine x8  
  135  14:20  Marine x3  
  135  14:21  Marine x7  
  141  14:38  Marine x4  
  140  14:39  Marine x6  
  140  14:40  Medivac x2  
  140  14:42  SCV  
  118  15:02  Marine x2  
  118  15:03  Marine x2  
  118  15:10  Medivac x2  
  118  15:12  SCV  
  122  15:14  Orbital Command  
  122  15:16  SCV  
  122  15:18  Barracks  
  122  15:19  Barracks Tech Lab x2, Barracks Reactor  
  123  15:25  SCV  
  123  15:27  SCV  
  125  15:29  SCV  
  126  15:38  SCV  
  126  15:40  Missile Turret, Medivac x2  
  131  15:45  Marauder x4  
  131  15:46  Marauder  
  147  15:50  SCV  
  147  15:53  Command Center  
  147  15:55  Marine  
  147  15:56  Marine x5  
  154  15:57  Factory  
  154  16:01  Missile Turret  
  154  16:02  SCV  
  154  16:04  Sensor Tower  
  161  16:20  Barracks Tech Lab  
Tags
 
Add a new tag
Caveats
  • Supply blocks, unpowered buildings, or Contaminate may cause inaccurate times.
  • Supply counts are checked every 10 seconds.